 Dungeon Crawl Stone Soup version 0.19.1 (webtiles) character file.

1332 RudyRod the Slasher (level 8, -8/69 HPs)
             Began as a Minotaur Fighter on Dec 7, 2016.
             Mangled by an orc warrior
             ... wielding a +0 war axe
              (13 damage)
             ... on level 6 of the Dungeon on Dec 8, 2016.
             The game lasted 00:14:46 (4426 turns).

RudyRod the Slasher (Minotaur Fighter)              Turns: 4426, Time: 00:14:47

Health: -8/69      AC: 11    Str: 20    XL:     8   Next: 34%
Magic:  7/7        EV:  8    Int:  5    God:
Gold:   302        SH: 10    Dex: 13    Spells: 0 memorised, 7 levels left

rFire  . . .     SeeInvis .     a - +0 long sword
rCold  . . .     Gourm    .     x - +0 chain mail
rNeg   . . .     Faith    .     c - +0 shield
rPois  .         Spirit   .     F - +2 hat
rElec  .         Reflect  .     (no cloak)
rCorr  .         Harm     .     k - +0 pair of gloves
MR     +....     Rnd*Tele +     t - +1 pair of boots
Stlth  ..........               (no amulet)
                                l - ring of teleportation (curse)
                                s - ring of loudness (curse)

@: flying
A: retaliatory headbutt, hooves 1, horns 2, deformed body, magic resistance 1,
sense surroundings 1, screaming 1
a: no special abilities


You were on level 6 of the Dungeon.
You were not hungry.

You visited 1 branch of the dungeon, and saw 6 of its levels.

You collected 302 gold pieces.

Inventory:

Hand Weapons
 a - a +0 long sword (weapon)
Armour
 b - a +0 scale mail
 c - a +0 shield (worn)
 k - a +0 pair of gloves (worn)
 t - a +1 pair of boots (worn)
 x - a +0 chain mail (worn)
 F - a +2 hat (worn)
Jewellery
 e - an uncursed ring of ice
 l - a cursed ring of teleportation (right hand)
 s - a cursed ring of loudness (left hand)
Wands
 y - a wand of random effects (38/48)
Scrolls
 g - a scroll of magic mapping
 h - a scroll of teleportation
 p - 4 scrolls of identify
 q - 2 scrolls of enchant armour
 r - a scroll of amnesia
Potions
 j - 3 potions of curing
 n - 4 potions of heal wounds
 B - a potion of lignification
 D - a potion of cancellation
Books
 E - a book of Cantrips

   Spells                             Type                      Level
   a - Confusing Touch                Hexes                        1
   b - Animate Skeleton               Necromancy                   1
   c - Summon Small Mammal            Summoning                    1
   d - Apportation                    Translocation                1
Comestibles
 d - 3 chunks of flesh
 f - 2 bread rations
 m - 2 beef jerkies
 w - 2 meat rations
 C - 3 fruits


   Skills:
 + Level 5.4 Fighting
 + Level 7.2 Long Blades
 + Level 5.9 Armour
 * Level 4.5 Dodging
 + Level 0.6 Stealth
 + Level 6.9 Shields


You had 7 spell levels left.
You didn't know any spells.

Dungeon Overview and Level Annotations

Branches:
Dungeon (6/15)
 Temple: D:4-7

Altars:
Hepliaklqana
Qazlal
Zin


Innate Abilities, Weirdness & Mutations

You reflexively headbutt those who attack you in melee.
You have a pair of horns on your head.
You have large cloven feet.
Armour fits poorly on your strangely shaped body.
You are resistant to hostile enchantments. (MR+)
You passively map a small area around you.
You occasionally shout uncontrollably at your foes.


Message History

The orc warrior is severely wounded.
You closely miss the orc warrior.
You headbutt the orc warrior, but do no damage.
The orc warrior is severely wounded.
You block the orc warrior's attack.
The orc wizard mumbles some strange words.
The orc wizard flickers and vanishes!
Deactivating autopickup; reactivate with Ctrl-A.
Your chain mail prevents you from hitting the orc warrior.
Your headbutt misses the orc warrior.
The orc warrior is severely wounded.
The orc warrior hits you with a war axe!!
* * * LOW HITPOINT WARNING * * *
You hit the orc warrior but do no damage.
The orc warrior is severely wounded.
The orc warrior barely misses you.
You hit the orc warrior but do no damage.
The orc warrior is severely wounded.
The orc warrior hits you with a war axe!
You die...

,, ,, ...* .#
* , ..# . * +
...#. , *,
.... * , ,
#..## * , , *
... , , , #.#
, , * * , #@#
, #o## * , ,
+. #{o# * *,
, * *,
,#..##o.# * ,
#......## , +
#..##...#*.#
, *
#..##.#.##..
, ,
#..####.##.#_
, *
#..##....#.#
*


You could see an orc warrior, an orc priest and an orc.

Vanquished Creatures
  A water moccasin (D:5)
  A sky beast (D:5)
  2 ogres
  4 wights (D:5)
  2 howler monkeys
  3 crimson imps (D:5)
  4 orc priests
  3 hounds
  An orc wizard (D:4)
  Jessica (D:3)
  An iguana (D:5)
  Ijyb (D:3)
  5 worker ants
  Robin (D:3)
  A howler monkey skeleton (D:4)
  3 adders
  2 worms
  3 dart slugs
  A leopard gecko (D:1)
  19 orcs
  7 bats
  4 giant cockroaches
  19 goblins
  10 hobgoblins
  7 jackals
  4 kobolds (D:1)
  3 quokkas
  A ball python (D:3)
  3 frilled lizards
  9 rats
126 creatures vanquished.

Notes
Turn   | Place    | Note
-------+----------+-------------------------------------------
     0 | D:1      | RudyRod the Minotaur Fighter began the quest for the Orb.
     0 | D:1      | Reached XP level 1. HP: 19/19 MP: 0/0
   311 | D:1      | Reached XP level 2. HP: 27/27 MP: 1/1
   771 | D:2      | Found a stormy altar of Qazlal.
   799 | D:2      | Reached XP level 3. HP: 33/33 MP: 2/2
  1241 | D:2      | Reached skill level 3 in Long Blades
  1451 | D:3      | Noticed Robin
  1457 | D:3      | Killed Robin
  1468 | D:3      | Reached XP level 4. HP: 27/41 MP: 3/3
  1541 | D:3      | Reached skill level 1 in Dodging
  1619 | D:3      | Noticed Jessica
  1627 | D:3      | Killed Jessica
  1836 | D:3      | Noticed Ijyb
  1869 | D:3      | Killed Ijyb
  1869 | D:3      | Reached XP level 5. HP: 41/47 MP: 4/4
  2311 | D:4      | Reached skill level 5 in Shields
  2329 | D:4      | Reached skill level 4 in Long Blades
  2499 | D:4      | Found a glowing silver altar of Zin.
  2511 | D:4      | Noticed an ogre
  2541 | D:3      | Reached XP level 6. HP: 43/53 MP: 5/5
  2602 | D:3      | Reached skill level 5 in Long Blades
  2966 | D:4      | Reached XP level 7. HP: 55/60 MP: 6/6
  3213 | D:5      | Entered Level 5 of the Dungeon
  3543 | D:5      | Reached skill level 5 in Armour
  3560 | D:5      | Reached skill level 5 in Fighting
  3560 | D:5      | Reached skill level 6 in Long Blades
  3778 | D:5      | Reached XP level 8. HP: 53/68 MP: 7/7
  3944 | D:5      | Found a hazy altar of Hepliaklqana.
  4034 | D:4      | Gained mutation: Armour fits poorly on your strangely shaped body. [mutagenic meat]
  4035 | D:4      | Gained mutation: You occasionally shout uncontrollably at your foes. [mutagenic meat]
  4036 | D:4      | Gained mutation: You passively map a small area around you. [mutagenic meat]
  4037 | D:4      | Gained mutation: You have large cloven feet. [mutagenic meat]
  4038 | D:4      | Gained mutation: You are resistant to hostile enchantments. (MR+) [mutagenic meat]
  4172 | D:5      | Reached skill level 7 in Long Blades
  4426 | D:6      | Mangled by an orc warrior

Skill      XL: |  1  2  3  4  5  6  7  8 |
---------------+-------------------------+-----
Fighting       | 4 5 |  5.4
Long Blades    | 3 4 5 6 7 |  7.2
Armour         | 4 5 |  5.9
Shields        | 4 5 6 |  6.9
Dodging        | 1 2 3 4 |  4.5
Stealth        | |  0.6

Action                   |  1- 3 |  4- 6 |  7- 9 || total
-------------------------+-------+-------+-------++-------
Melee: Long sword        |   107 |   142 |   155 ||   404
       Headbutt          |    15 |    23 |    24 ||    62
  Use: Potion            |       |     2 |     1 ||     3
       Scroll            |       |       |    14 ||    14
  Eat: Chunk             |     2 |     5 |     8 ||    15
       Bread ration      |       |       |     1 ||     1
Armor: Scale mail        |    50 |    36 |       ||    86
       Chain mail        |       |    50 |    69 ||   119
Dodge: Dodged            |    29 |    46 |    36 ||   111
Block: Shield            |    57 |   115 |    73 ||   245
       Rpst.: Long sword |     9 |    12 |     7 ||    28
